Red Wings vs Oilers (R1)

Created - December 7, 2021 at 19:17

Goals
1 2 3 T
Red Wings 0 1 1 2
Oilers 1 3 0 4
Shots
1 2 3 T
Red Wings 10 6 8 24
Oilers 11 13 9 33

1st period

1. Oilers , Ryan O'Reilly 1 (Adam Larsson 1) at 19:22

Penalties :
Taylor Hall (Edm) for Hooking (Minor) at 6:38

2nd period

2. Red Wings , Kris Versteeg 2 (Ole-Kristian Tollefsen 1) at 3:40
3. Oilers , Taylor Hall 1 (Ryan O'Reilly 1) at 7:53 (PP)
4. Oilers , Pavel Buchnevich 1 (Shea Weber 1, Connor McDavid 2) at 10:17 (PP)
5. Oilers , Jordan Eberle 1 (Ryan O'Reilly 2) at 14:20 (PP)

Penalties :
Jiri Fischer (Det) for High sticking (Minor) at 7:47, Ole-Kristian Tollefsen (Det) for Hooking (Minor) at 8:54, Max Domi (Det) for Hooking (Minor) at 10:41, Henrik Zetterberg (Det) for High sticking (Minor) at 14:19, Taylor Hall (Edm) for Slashing (Minor) at 17:42

3rd period

6. Red Wings , Marko Dano 3 (Connor Brown 3, Henrik Zetterberg 2) at 3:28

Penalties :
Kris Versteeg (Det) for Tripping (Minor) at 8:45

Goalie Stats

Robin Lehner (Det), 29 saves from 33 shots - (0.879), L, 1-1-0, 60:00 minutes
James Reimer (Edm), 22 saves from 24 shots - (0.917), W, 2-0-0, 60:00 minutes

Players Stats for Red Wings

Player Name              G  A  P  +/- PIM S  H  SB GA TA FO     MP     PP MP  PK MP  
------------------------------------------------------------------------------------
Carson Mcmillan          0  0  0   0  0   0  0  0  0  0  0/0    12:51   0:33   3:38 
Connor Brown             0  1  1   0  0   2  3  0  0  0  1/1    17:55   1:43   0:00 
David Rundblad           0  0  0   0  0   1  0  0  1  0  0/0    16:41   2:06   0:15 
Dylan Larkin             0  0  0   0  0   2  0  0  0  1  4/6    12:13   1:06   0:41 
Henrik Zetterberg        0  1  1   0  2   3  0  0  1  0  17/27  18:01   2:03   0:00 
Jakub Kindl              0  0  0  -1  0   0  0  0  2  0  0/0    19:58   0:20   0:00 
Jiri Fischer             0  0  0   2  2   0  1  0  0  0  0/0    17:32   0:26   2:05 
Kris Versteeg            1  0  1   1  2   3  1  1  1  0  0/0    19:49   1:10   0:57 
Kyle Okposo              0  0  0   0  0   2  2  0  0  0  0/0    11:30   0:44   0:00 
Marko Dano               1  0  1   0  0   2  0  0  1  1  0/1    18:58   2:06   0:53 
Max Domi                 0  0  0   1  2   0  0  1  0  0  0/1    16:59   1:06   0:00 
Michael Haley            0  0  0   0  0   0  1  0  0  0  0/0     8:34   0:45   0:57 
Mike Richards            0  0  0   1  0   1  2  0  0  1  8/14   19:18   0:57   1:18 
Ole-Kristian Tollefsen   0  1  1   2  2   0  0  0  0  1  0/0    21:14   2:06   2:25 
Philip Samuelsson        0  0  0  -1  0   4  2  1  1  0  0/0    23:57   1:26   2:48 
Ryan O'Byrne             0  0  0   0  0   1  0  2  0  0  0/0    19:37   0:26   3:23 
T.J. Hensick             0  0  0   0  0   1  1  0  0  0  5/10    8:10   0:08   2:32 
Tye McGinn               0  0  0   0  0   2  0  0  0  0  1/1    11:10   0:39   0:00 

Players Stats for Oilers

Player Name              G  A  P  +/- PIM S  H  SB GA TA FO     MP     PP MP  PK MP  
------------------------------------------------------------------------------------
Adam Larsson             0  1  1   1  0   0  0  0  0  1  0/0    18:20   2:22   1:42 
Anton Slepyshev          0  0  0  -1  0   1  0  0  0  0  0/1    10:15   0:00   1:00 
Benoit Pouliot           0  0  0  -1  0   2  4  0  0  0  0/0    17:17   2:09   0:53 
Connor McDavid           0  1  1  -1  0   3  2  0  0  1  4/14   17:21   2:09   1:04 
Darnell Nurse            0  0  0  -2  0   2  5  3  0  2  0/0    27:24   3:06   2:16 
Frederik Gauthier        0  0  0  -1  0   1  2  0  0  0  1/3     9:30   0:00   0:53 
Jordan Eberle            1  0  1   1  0   4  2  0  0  1  1/2    21:32   3:19   1:56 
Kasperi Kapanen          0  0  0  -1  0   0  0  0  0  0  0/0     9:23   0:00   0:00 
Leon Draisaitl           0  0  0   0  0   1  1  1  0  1  0/0    11:03   0:00   0:09 
Nail Yakupov             0  0  0   0  0   1  0  0  0  0  1/2    12:24   0:00   1:32 
Oscar Klefbom            0  0  0   0  0   0  0  1  0  0  0/0    14:16   0:00   0:00 
Pavel Buchnevich         1  0  1  -1  0   3  1  1  1  0  1/1    16:26   2:09   0:00 
Rasmus Ristolainen       0  0  0  -2  0   2  0  1  0  1  0/0    26:46   3:06   1:38 
Ryan O'Reilly            1  2  3   1  0   4  3  0  2  0  17/33  20:09   3:19   0:29 
Shea Weber               0  1  1   1  0   1  3  1  0  0  0/0    18:20   2:22   1:42 
Taylor Hall              1  0  1   1  4   8  1  0  1  0  0/1    19:49   3:19   0:00 
Tobias Enstrom           0  0  0   0  0   0  0  2  0  0  0/0    14:54   0:00   0:38 
Yanni Gourde             0  0  0   0  0   0  0  0  0  0  0/4    10:51   0:00   0:00 

3 Stars

1 - Ryan O'Reilly (Edm)
2 - Jordan Eberle (Edm)
3 - Shea Weber (Edm)

Power Play

Red Wings - 0 on 2 Attempt(s) - 0.00%
Oilers - 3 on 5 Attempt(s) - 60.00%

Penalty Kill

Red Wings - 2 on 5 Attempt(s) - 40.00% - Score 0 goal in Penalty Kill
Oilers - 2 on 2 Attempt(s) - 100.00% - Score 0 goal in Penalty Kill

Team Stat

Red Wings - Hits : 13 - Faceoff Wins : 36 - Blocked Shots : 5 - Penalty Minutes : 10
Oilers - Hits : 24 - Faceoff Wins : 25 - Blocked Shots : 10 - Penalty Minutes : 4

Official

Referees : Tom Chmielewski and Michael Markovic
Linesman : Kyle Flemington and Matt MacPherson

Game Notes

T.J. Hensick is injured at 9:05 of 3rd period (Left Hip)

Finance

Level 1 -- Attendance: 5390 (89.83%) -- Ticket Income $539,000
Level 2 -- Attendance: 5000 (100.00%) -- Ticket Income $300,000
Level 3 -- Attendance: 1791 (89.55%) -- Ticket Income $62,685
Level 4 -- Attendance: 3648 (91.20%) -- Ticket Income $91,200
Luxury Box -- Attendance: 1000 (100.00%) -- Ticket Income $200,000
Game was played at the Rodgers Place.
Total Attendance: 16829 (93.49%)
Total Ticket Income: $1,192,885
Other Income: $178,933
Total Income: $1,371,818

Red Wings

5 vs 5 Forward 
   Center                   Left Wing                Right Wing               Time % Phy DF OF 
 1 Henrik Zetterberg        Marko Dano               Connor Brown             35     0   2  3  
 2 Mike Richards            Max Domi                 Kris Versteeg            35     0   2  3  
 3 Dylan Larkin             Tye McGinn               Kyle Okposo              20     0   2  3  
 4 T.J. Hensick             Michael Haley            Carson Mcmillan          10     0   3  2  

5 vs 5 Defense 
   Defense                  Defense                                           Time % Phy DF OF 
 1 Philip Samuelsson        Jakub Kindl                                       40     0   2  3  
 2 Jiri Fischer             Ole-Kristian Tollefsen                            30     0   2  3  
 3 Ryan O'Byrne             David Rundblad                                    20     0   2  3  
 4 Ryan O'Byrne             David Rundblad                                    10     0   3  2  

PowerPlay Forward 
   Center                   Left Wing                Right Wing               Time % Phy DF OF 
 1 Henrik Zetterberg        Marko Dano               Kris Versteeg            60     0   1  4  
 2 Mike Richards            Dylan Larkin             Connor Brown             40     0   1  4  

PowerPlay Defense
   Defense                  Defense                                           Time % Phy DF OF 
 1 Philip Samuelsson        Ole-Kristian Tollefsen                            60     0   1  4  
 2 David Rundblad           Max Domi                                          40     0   1  4  

Penalty Kill 4 Players Forward 
   Center                   Wing                     Time % Phy DF OF 
 1 T.J. Hensick             Carson Mcmillan          60     0   4  1  
 2 Kris Versteeg            Michael Haley            40     0   4  1  

Penalty Kill 4 Players Defense
   Defense                  Defense                  Time % Phy DF OF 
 1 Ryan O'Byrne             Ole-Kristian Tollefsen   60     1   4  0  
 2 Philip Samuelsson        Jiri Fischer             40     1   4  0  

Penalty Kill - 3 Players Forward 
   Forward                                           Time % Phy DF OF 
 1 Carson Mcmillan                                   60     1   4  0  
 2 T.J. Hensick                                      40     1   4  0  

Penalty Kill - 3 Players Defense
   Defense                  Defense                  Time % Phy DF OF 
 1 Ryan O'Byrne             Jiri Fischer             60     0   5  0  
 2 Philip Samuelsson        Ole-Kristian Tollefsen   40     0   5  0  

4 vs 4 Forward 
   Center                   Wing                     Time % Phy DF OF 
 1 Henrik Zetterberg        Kris Versteeg            55     0   2  3  
 2 Mike Richards            Connor Brown             45     0   2  3  

4 vs 4 Defense
   Defense                  Defense                  Time % Phy DF OF 
 1 Philip Samuelsson        Jakub Kindl              60     0   3  2  
 2 Ole-Kristian Tollefsen   Jiri Fischer             40     0   3  2  

Last Minutes Offensive
   Center                   Left Wing                Right Wing               Defense                  Defense                  
   Henrik Zetterberg        Kris Versteeg            Connor Brown             Philip Samuelsson        Ole-Kristian Tollefsen   

Last Minutes Defensive
   Center                   Left Wing                Right Wing               Defense                  Defense                  
   T.J. Hensick             Michael Haley            Carson Mcmillan          Ryan O'Byrne             Jiri Fischer             

Goaltenders
Starting : Robin Lehner             
Backup : Mike McKenna             

Extra Forwards
Normal : Henrik Zetterberg, Kris Versteeg, Kyle Okposo - PP : Kyle Okposo, Tye McGinn - PK : Mike Richards
Extra Defensemen
Normal : Philip Samuelsson, Ole-Kristian Tollefsen, David Rundblad - PP : David Rundblad - PK : Philip Samuelsson, David Rundblad
Penalty Shots
Kris Versteeg, Dylan Larkin, Marko Dano, Mike Richards, Carson Mcmillan

Scratches
David Krejci (Healthy), Drew Fata (Suspend)

Oilers

5 vs 5 Forward 
   Center                   Left Wing                Right Wing               Time % Phy DF OF 
 1 Ryan O'Reilly            Taylor Hall              Jordan Eberle            40     1   2  2  
 2 Connor McDavid           Benoit Pouliot           Pavel Buchnevich         30     1   2  2  
 3 Yanni Gourde             Leon Draisaitl           Nail Yakupov             20     1   2  2  
 4 Frederik Gauthier        Anton Slepyshev          Kasperi Kapanen          10     1   2  2  

5 vs 5 Defense 
   Defense                  Defense                                           Time % Phy DF OF 
 1 Rasmus Ristolainen       Darnell Nurse                                     40     1   2  2  
 2 Adam Larsson             Shea Weber                                        30     1   2  2  
 3 Oscar Klefbom            Tobias Enstrom                                    20     1   2  2  
 4 Rasmus Ristolainen       Darnell Nurse                                     10     1   2  2  

PowerPlay Forward 
   Center                   Left Wing                Right Wing               Time % Phy DF OF 
 1 Ryan O'Reilly            Taylor Hall              Jordan Eberle            60     1   2  2  
 2 Connor McDavid           Benoit Pouliot           Pavel Buchnevich         40     1   2  2  

PowerPlay Defense
   Defense                  Defense                                           Time % Phy DF OF 
 1 Rasmus Ristolainen       Darnell Nurse                                     60     1   2  2  
 2 Adam Larsson             Shea Weber                                        40     1   2  2  

Penalty Kill 4 Players Forward 
   Center                   Wing                     Time % Phy DF OF 
 1 Taylor Hall              Jordan Eberle            60     1   2  2  
 2 Ryan O'Reilly            Benoit Pouliot           40     1   2  2  

Penalty Kill 4 Players Defense
   Defense                  Defense                  Time % Phy DF OF 
 1 Rasmus Ristolainen       Darnell Nurse            60     1   2  2  
 2 Adam Larsson             Shea Weber               40     1   2  2  

Penalty Kill - 3 Players Forward 
   Forward                                           Time % Phy DF OF 
 1 Taylor Hall                                       60     1   2  2  
 2 Jordan Eberle                                     40     1   2  2  

Penalty Kill - 3 Players Defense
   Defense                  Defense                  Time % Phy DF OF 
 1 Rasmus Ristolainen       Darnell Nurse            60     1   2  2  
 2 Adam Larsson             Shea Weber               40     1   2  2  

4 vs 4 Forward 
   Center                   Wing                     Time % Phy DF OF 
 1 Taylor Hall              Jordan Eberle            60     1   2  2  
 2 Ryan O'Reilly            Benoit Pouliot           40     1   2  2  

4 vs 4 Defense
   Defense                  Defense                  Time % Phy DF OF 
 1 Rasmus Ristolainen       Darnell Nurse            60     1   2  2  
 2 Adam Larsson             Shea Weber               40     1   2  2  

Last Minutes Offensive
   Center                   Left Wing                Right Wing               Defense                  Defense                  
   Ryan O'Reilly            Taylor Hall              Jordan Eberle            Rasmus Ristolainen       Darnell Nurse            

Last Minutes Defensive
   Center                   Left Wing                Right Wing               Defense                  Defense                  
   Ryan O'Reilly            Taylor Hall              Jordan Eberle            Rasmus Ristolainen       Darnell Nurse            

Goaltenders
Starting : James Reimer             
Backup : Jonas Hiller             

Extra Forwards
Normal : Leon Draisaitl, Yanni Gourde, Nail Yakupov - PP : Leon Draisaitl, Yanni Gourde - PK : Nail Yakupov
Extra Defensemen
Normal : Oscar Klefbom, Tobias Enstrom, Adam Larsson - PP : Oscar Klefbom - PK : Tobias Enstrom, Adam Larsson
Penalty Shots
Taylor Hall, Jordan Eberle, Ryan O'Reilly, Benoit Pouliot, Connor McDavid

Scratches
Duncan Keith (Healthy), Jordan Caron (Healthy)

% Time on Ice - Red Wings

Lines # - Real PCT - Wanted PCT - Time Play
Normal Forward
1 - 35% - 35% - 17:51
2 - 36% - 35% - 18:16
3 - 18% - 20% - 8:59
4 - 11% - 10% - 5:28
Normal Defense
1 - 44% - 40% - 22:03
2 - 29% - 30% - 14:34
3 - 20% - 20% - 10:03
4 - 8% - 10% - 3:54
PP Forward
1 - 57% - 60% - 2:15
2 - 43% - 40% - 1:43
PP Defense
1 - 72% - 60% - 2:52
2 - 28% - 40% - 1:06
PK Forward
1 - 83% - 60% - 4:31
2 - 17% - 40% - 0:57
PK Defense
1 - 62% - 60% - 3:23
2 - 38% - 40% - 2:05
PK3 Forward
1 - 0% - 60%
2 - 0% - 40%
PK3 Defense
1 - 0% - 60%
2 - 0% - 40%
44 Forward
1 - 0% - 55%
2 - 0% - 45%
44 Defense
1 - 0% - 60%
2 - 0% - 40%
Last Minute Offensive  - 0:00
Last Minute Defensive  - 0:00
Total
Forward - 60:00
Defense - 60:00

% Time on Ice - Oilers

Lines # - Real PCT - Wanted PCT - Time Play
Normal Forward
1 - 34% - 40% - 17:04
2 - 31% - 30% - 15:47
3 - 19% - 20% - 9:39
4 - 16% - 10% - 8:04
Normal Defense
1 - 38% - 40% - 19:21
2 - 28% - 30% - 14:16
3 - 28% - 20% - 14:16
4 - 5% - 10% - 2:41
PP Forward
1 - 61% - 60% - 3:19
2 - 39% - 40% - 2:09
PP Defense
1 - 57% - 60% - 3:06
2 - 43% - 40% - 2:22
PK Forward
1 - 95% - 60% - 3:46
2 - 5% - 40% - 0:12
PK Defense
1 - 57% - 60% - 2:16
2 - 43% - 40% - 1:42
PK3 Forward
1 - 0% - 60%
2 - 0% - 40%
PK3 Defense
1 - 0% - 60%
2 - 0% - 40%
44 Forward
1 - 0% - 60%
2 - 0% - 40%
44 Defense
1 - 0% - 60%
2 - 0% - 40%
Last Minute Offensive  - 0:00
Last Minute Defensive  - 0:00
Total
Forward - 60:00
Defense - 60:00

Play-by-Play

1st period


0:01 of 1st period - Henrik Zetterberg wins face-off versus Ryan O'Reilly in neutral zone.
0:28 of 1st period - Snap shot by Yanni Gourde.
0:28 of 1st period - Shot Misses the Net.
1:04 of 1st period - Off-side.
1:05 of 1st period - Dylan Larkin wins face-off versus Frederik Gauthier in neutral zone.
1:11 of 1st period - Icing by Kasperi Kapanen.
1:12 of 1st period - Dylan Larkin wins face-off versus Frederik Gauthier in Oilers zone.
1:13 of 1st period - Snap shot by Kyle Okposo.
1:13 of 1st period - Stopped by James Reimer without a rebound.
1:14 of 1st period - Frederik Gauthier wins face-off versus Dylan Larkin in Oilers zone.
2:19 of 1st period - Tobias Enstrom is hit by Kyle Okposo and loses puck.
2:28 of 1st period - Wrist shot by Dylan Larkin.
2:28 of 1st period - Shot Misses the Net.
2:32 of 1st period - Snap shot by Kyle Okposo.
2:32 of 1st period - Shot Blocked by Oscar Klefbom.
2:34 of 1st period - Slapshot by Ryan O'Byrne.
2:34 of 1st period - Shot Blocked by Tobias Enstrom.
2:52 of 1st period - Snap shot by Anton Slepyshev.
2:52 of 1st period - Stopped by Robin Lehner with a rebound.
2:58 of 1st period - Wrist shot by Dylan Larkin.
2:58 of 1st period - Stopped by James Reimer with a rebound.
4:14 of 1st period - Slapshot by Oscar Klefbom.
4:14 of 1st period - Shot Misses the Net.
4:40 of 1st period - Slapshot by Dylan Larkin.
4:40 of 1st period - Shot Misses the Net.
4:42 of 1st period - Backhand shot by Ryan O'Byrne.
4:42 of 1st period - Stopped by James Reimer without a rebound.
4:43 of 1st period - Ryan O'Reilly wins face-off versus Mike Richards in Oilers zone.
4:58 of 1st period - Ole-Kristian Tollefsen is hit by Darnell Nurse and loses puck.
5:19 of 1st period - Slapshot by T.J. Hensick.
5:19 of 1st period - Stopped by James Reimer without a rebound.
5:20 of 1st period - Henrik Zetterberg wins face-off versus Connor McDavid in Oilers zone.
5:23 of 1st period - Wrist shot by Connor Brown.
5:23 of 1st period - Shot Misses the Net.
5:25 of 1st period - Snap shot by Philip Samuelsson.
5:25 of 1st period - Stopped by James Reimer without a rebound.
5:26 of 1st period - Henrik Zetterberg wins face-off versus Connor McDavid in Oilers zone.
5:29 of 1st period - Wrist shot by Connor Brown.
5:29 of 1st period - Shot Blocked by Pavel Buchnevich.
5:31 of 1st period - Slapshot by Philip Samuelsson.
5:31 of 1st period - Stopped by James Reimer without a rebound.
5:32 of 1st period - Ryan O'Reilly wins face-off versus Mike Richards in Oilers zone.
6:10 of 1st period - Wrist shot by Benoit Pouliot.
6:10 of 1st period - Stopped by Robin Lehner without a rebound.
6:11 of 1st period - Henrik Zetterberg wins face-off versus Ryan O'Reilly in Red Wings zone.
6:11 of 1st period - Henrik Zetterberg is hit by Ryan O'Reilly.
6:38 of 1st period - Minor Penalty to Taylor Hall for Hooking.
6:39 of 1st period - Henrik Zetterberg wins face-off versus Nail Yakupov in Oilers zone.
6:40 of 1st period - Snap shot by Marko Dano.
6:40 of 1st period - Shot Blocked by Rasmus Ristolainen.
8:20 of 1st period - Darnell Nurse is hit by Connor Brown.
8:38 of 1st period - Penalty to Taylor Hall is over, Taylor Hall is back on ice.
8:54 of 1st period - Slapshot by Nail Yakupov.
8:54 of 1st period - Stopped by Robin Lehner without a rebound.
8:55 of 1st period - Tye McGinn wins face-off versus Yanni Gourde in Red Wings zone.
10:07 of 1st period - Snap shot by Tye McGinn.
10:07 of 1st period - Stopped by James Reimer without a rebound.
10:08 of 1st period - Mike Richards wins face-off versus Connor McDavid in Oilers zone.
10:21 of 1st period - Snap shot by Pavel Buchnevich.
10:21 of 1st period - Stopped by Robin Lehner with a rebound.
10:33 of 1st period - Jordan Eberle is hit by Connor Brown.
10:50 of 1st period - Taylor Hall is hit by Connor Brown and loses puck.
11:24 of 1st period - Snap shot by Connor McDavid.
11:24 of 1st period - Stopped by Robin Lehner with a rebound.
11:26 of 1st period - Snap shot by Darnell Nurse.
11:26 of 1st period - Stopped by Robin Lehner without a rebound.
11:27 of 1st period - Connor McDavid wins face-off versus Henrik Zetterberg in Red Wings zone.
11:54 of 1st period - Ole-Kristian Tollefsen is hit by Shea Weber and loses puck.
12:01 of 1st period - Backhand shot by Mike Richards.
12:01 of 1st period - Shot Blocked by Shea Weber.
12:03 of 1st period - Slapshot by Jakub Kindl.
12:03 of 1st period - Shot Blocked by Leon Draisaitl.
12:05 of 1st period - Slapshot by Kris Versteeg.
12:05 of 1st period - Stopped by James Reimer with a rebound.
12:12 of 1st period - Icing by Shea Weber.
12:13 of 1st period - T.J. Hensick wins face-off versus Yanni Gourde in Oilers zone.
13:01 of 1st period - Rasmus Ristolainen is hit by Philip Samuelsson and loses puck.
14:04 of 1st period - Snap shot by Kris Versteeg.
14:04 of 1st period - Shot Blocked by Darnell Nurse.
14:08 of 1st period - Snap shot by Max Domi.
14:08 of 1st period - Shot Misses the Net.
14:20 of 1st period - Ryan O'Byrne is hit by Benoit Pouliot and loses puck.
14:31 of 1st period - Snap shot by Connor McDavid.
14:31 of 1st period - Shot Blocked by Ryan O'Byrne.
14:33 of 1st period - Snap shot by Connor McDavid.
14:33 of 1st period - Deflect By Benoit Pouliot.
14:33 of 1st period - Stopped by Robin Lehner with a rebound.
14:47 of 1st period - Wrist shot by Connor Brown.
14:47 of 1st period - Shot Blocked by Tobias Enstrom.
15:11 of 1st period - Slapshot by Kyle Okposo.
15:11 of 1st period - Stopped by James Reimer with a rebound.
16:15 of 1st period - Snap shot by Leon Draisaitl.
16:15 of 1st period - Shot Misses the Net.
17:15 of 1st period - Oscar Klefbom is hit by Kris Versteeg and loses puck.
17:26 of 1st period - Wrist shot by Leon Draisaitl.
17:26 of 1st period - Stopped by Robin Lehner without a rebound.
17:27 of 1st period - Ryan O'Reilly wins face-off versus Henrik Zetterberg in Red Wings zone.
17:28 of 1st period - Wrist shot by Jordan Eberle.
17:28 of 1st period - Deflect By Ryan O'Reilly.
17:28 of 1st period - Shot Misses the Net.
17:28 of 1st period - Puck is out of play.
17:29 of 1st period - Henrik Zetterberg wins face-off versus Ryan O'Reilly in Red Wings zone.
17:40 of 1st period - Snap shot by Henrik Zetterberg.
17:40 of 1st period - Stopped by James Reimer without a rebound.
17:41 of 1st period - Henrik Zetterberg wins face-off versus Ryan O'Reilly in Oilers zone.
18:14 of 1st period - Slapshot by Rasmus Ristolainen.
18:14 of 1st period - Shot Misses the Net.
18:57 of 1st period - Snap shot by Taylor Hall.
18:57 of 1st period - Stopped by Robin Lehner without a rebound.
18:58 of 1st period - Ryan O'Reilly wins face-off versus T.J. Hensick in Red Wings zone.
19:20 of 1st period - Wrist shot by Ryan O'Reilly.
19:20 of 1st period - Stopped by Robin Lehner with a rebound.
19:22 of 1st period - Wrist shot by Ryan O'Reilly.
19:22 of 1st period - Deflect By Henrik Zetterberg.
19:22 of 1st period - Goal by Ryan O'Reilly - Red Wings : 0 - Oilers : 1.
19:23 of 1st period - Henrik Zetterberg wins face-off versus Ryan O'Reilly in neutral zone.
19:50 of 1st period - Kris Versteeg is hit by Benoit Pouliot and loses puck.
Goals for this period are 0 for Red Wings vs 1 for Oilers.
Shots for this period are 10 for Red Wings vs 11 for Oilers.

2nd period


0:01 of 2nd period - Ryan O'Reilly wins face-off versus Henrik Zetterberg in neutral zone.
0:26 of 2nd period - Darnell Nurse is hit by Philip Samuelsson and loses puck.
0:49 of 2nd period - Snap shot by Mike Richards.
0:49 of 2nd period - Stopped by James Reimer without a rebound.
0:50 of 2nd period - Connor Brown wins face-off versus Ryan O'Reilly in Oilers zone.
1:07 of 2nd period - Slapshot by Henrik Zetterberg.
1:07 of 2nd period - Stopped by James Reimer without a rebound.
1:08 of 2nd period - Mike Richards wins face-off versus Connor McDavid in Oilers zone.
1:40 of 2nd period - Snap shot by Marko Dano.
1:40 of 2nd period - Shot Misses the Net.
1:45 of 2nd period - Off-side.
1:46 of 2nd period - Mike Richards wins face-off versus Jordan Eberle in neutral zone.
2:34 of 2nd period - Philip Samuelsson is hit by Darnell Nurse and loses puck.
3:03 of 2nd period - Off-side.
3:04 of 2nd period - Ryan O'Reilly wins face-off versus Henrik Zetterberg in neutral zone.
3:40 of 2nd period - Wrist shot by Kris Versteeg.
3:40 of 2nd period - Goal by Kris Versteeg - Red Wings : 1 - Oilers : 1.
3:41 of 2nd period - Ryan O'Reilly wins face-off versus Mike Richards in neutral zone.
4:57 of 2nd period - Slapshot by Philip Samuelsson.
4:57 of 2nd period - Shot Misses the Net.
4:59 of 2nd period - Snap shot by Carson Mcmillan.
4:59 of 2nd period - Shot Blocked by Darnell Nurse.
5:09 of 2nd period - Slapshot by Rasmus Ristolainen.
5:09 of 2nd period - Deflect By Kris Versteeg.
5:09 of 2nd period - Stopped by Robin Lehner without a rebound.
5:10 of 2nd period - Ryan O'Reilly wins face-off versus Mike Richards in Red Wings zone.
6:24 of 2nd period - Snap shot by David Rundblad.
6:24 of 2nd period - Stopped by James Reimer with a rebound.
7:01 of 2nd period - Off-side.
7:02 of 2nd period - Ryan O'Reilly wins face-off versus Henrik Zetterberg in neutral zone.
7:05 of 2nd period - Wrist shot by Rasmus Ristolainen.
7:05 of 2nd period - Shot Misses the Net.
7:19 of 2nd period - Snap shot by Connor Brown.
7:19 of 2nd period - Shot Misses the Net.
7:34 of 2nd period - Pavel Buchnevich is hit by Mike Richards and loses puck.
7:47 of 2nd period - Minor Penalty to Jiri Fischer for High sticking.
7:48 of 2nd period - Ryan O'Reilly wins face-off versus T.J. Hensick in Red Wings zone.
7:51 of 2nd period - Wrist shot by Taylor Hall.
7:51 of 2nd period - Shot Misses the Net.
7:53 of 2nd period - Slapshot by Taylor Hall.
7:53 of 2nd period - Goal by Taylor Hall - Red Wings : 1 - Oilers : 2.
7:54 of 2nd period - Henrik Zetterberg wins face-off versus Taylor Hall in neutral zone.
7:56 of 2nd period - Off-side.
7:57 of 2nd period - Jordan Eberle wins face-off versus Henrik Zetterberg in neutral zone.
8:02 of 2nd period - Jakub Kindl is hit by Darnell Nurse and loses puck.
8:34 of 2nd period - Off-side.
8:35 of 2nd period - Ryan O'Reilly wins face-off versus Henrik Zetterberg in neutral zone.
8:52 of 2nd period - Snap shot by Ryan O'Reilly.
8:52 of 2nd period - Stopped by Robin Lehner with a rebound.
8:54 of 2nd period - Minor Penalty to Ole-Kristian Tollefsen for Hooking.
8:55 of 2nd period - Ryan O'Reilly wins face-off versus T.J. Hensick in Red Wings zone.
8:56 of 2nd period - Slapshot by Taylor Hall.
8:56 of 2nd period - Stopped by Robin Lehner with a rebound.
9:02 of 2nd period - Snap shot by Taylor Hall.
9:02 of 2nd period - Shot Blocked by Philip Samuelsson.
9:32 of 2nd period - Wrist shot by Connor McDavid.
9:32 of 2nd period - Shot Misses the Net.
9:52 of 2nd period - Icing by Adam Larsson.
9:53 of 2nd period - Ryan O'Reilly wins face-off versus T.J. Hensick in Oilers zone.
9:58 of 2nd period - T.J. Hensick is hit by Shea Weber and loses puck.
10:13 of 2nd period - Snap shot by Connor McDavid.
10:13 of 2nd period - Stopped by Robin Lehner with a rebound.
10:15 of 2nd period - Slapshot by Shea Weber.
10:15 of 2nd period - Stopped by Robin Lehner with a rebound.
10:17 of 2nd period - Wrist shot by Pavel Buchnevich.
10:17 of 2nd period - Goal by Pavel Buchnevich - Red Wings : 1 - Oilers : 3.
10:18 of 2nd period - Ryan O'Reilly wins face-off versus Max Domi in neutral zone.
10:41 of 2nd period - Minor Penalty to Max Domi for Hooking.
10:42 of 2nd period - T.J. Hensick wins face-off versus Ryan O'Reilly in Red Wings zone.
10:51 of 2nd period - Jordan Eberle is hit by T.J. Hensick and loses puck.
11:17 of 2nd period - Snap shot by Connor McDavid.
11:17 of 2nd period - Stopped by Robin Lehner with a rebound.
12:10 of 2nd period - Darnell Nurse is hit by Michael Haley and loses puck.
12:19 of 2nd period - Kris Versteeg is hit by Ryan O'Reilly and loses puck.
12:41 of 2nd period - Penalty to Max Domi is over, Max Domi is back on ice.
13:05 of 2nd period - Icing by Tye McGinn.
13:06 of 2nd period - Henrik Zetterberg wins face-off versus Anton Slepyshev in Red Wings zone.
13:19 of 2nd period - Wrist shot by Frederik Gauthier.
13:19 of 2nd period - Stopped by Robin Lehner with a rebound.
13:21 of 2nd period - Slapshot by Darnell Nurse.
13:21 of 2nd period - Stopped by Robin Lehner with a rebound.
13:30 of 2nd period - Icing by David Rundblad.
13:31 of 2nd period - Mike Richards wins face-off versus Yanni Gourde in Red Wings zone.
13:56 of 2nd period - Icing by Ryan O'Byrne.
13:57 of 2nd period - Henrik Zetterberg wins face-off versus Ryan O'Reilly in Red Wings zone.
14:19 of 2nd period - Minor Penalty to Henrik Zetterberg for High sticking.
14:20 of 2nd period - Ryan O'Reilly wins face-off versus T.J. Hensick in Red Wings zone.
14:20 of 2nd period - Wrist shot by Jordan Eberle.
14:20 of 2nd period - Goal by Jordan Eberle - Red Wings : 1 - Oilers : 4.
14:21 of 2nd period - Mike Richards wins face-off versus Connor McDavid in neutral zone.
14:28 of 2nd period - Wrist shot by Kris Versteeg.
14:28 of 2nd period - Stopped by James Reimer without a rebound.
14:29 of 2nd period - Mike Richards wins face-off versus Connor McDavid in Oilers zone.
14:42 of 2nd period - Max Domi is hit by Benoit Pouliot and loses puck.
16:05 of 2nd period - Philip Samuelsson is hit by Connor McDavid and loses puck.
16:58 of 2nd period - Slapshot by Rasmus Ristolainen.
16:58 of 2nd period - Stopped by Robin Lehner without a rebound.
16:59 of 2nd period - Ryan O'Reilly wins face-off versus Marko Dano in Red Wings zone.
17:04 of 2nd period - Snap shot by Jordan Eberle.
17:04 of 2nd period - Shot Misses the Net.
17:16 of 2nd period - Wrist shot by Jordan Eberle.
17:16 of 2nd period - Stopped by Robin Lehner with a rebound.
17:26 of 2nd period - Shea Weber is hit by Jiri Fischer and loses puck.
17:35 of 2nd period - Snap shot by Dylan Larkin.
17:35 of 2nd period - Stopped by James Reimer without a rebound.
17:36 of 2nd period - T.J. Hensick wins face-off versus Ryan O'Reilly in Oilers zone.
17:42 of 2nd period - Minor Penalty to Taylor Hall for Slashing.
17:43 of 2nd period - Nail Yakupov wins face-off versus Henrik Zetterberg in Oilers zone.
18:56 of 2nd period - Jordan Eberle is hit by Kyle Okposo and loses puck.
19:42 of 2nd period - Penalty to Taylor Hall is over, Taylor Hall is back on ice.
Goals for this period are 1 for Red Wings vs 3 for Oilers.
Shots for this period are 6 for Red Wings vs 13 for Oilers.

3rd period


0:01 of 3rd period - Henrik Zetterberg wins face-off versus Ryan O'Reilly in neutral zone.
0:12 of 3rd period - Snap shot by Connor Brown.
0:12 of 3rd period - Shot Misses the Net.
0:14 of 3rd period - Snap shot by Connor Brown.
0:14 of 3rd period - Shot Misses the Net.
0:33 of 3rd period - Snap shot by Philip Samuelsson.
0:33 of 3rd period - Stopped by James Reimer without a rebound.
0:34 of 3rd period - Henrik Zetterberg wins face-off versus Connor McDavid in Oilers zone.
0:42 of 3rd period - Snap shot by Connor Brown.
0:42 of 3rd period - Stopped by James Reimer with a rebound.
0:44 of 3rd period - Slapshot by Philip Samuelsson.
0:44 of 3rd period - Shot Misses the Net.
1:00 of 3rd period - Philip Samuelsson is hit by Ryan O'Reilly and loses puck.
1:25 of 3rd period - Slapshot by Kyle Okposo.
1:25 of 3rd period - Shot Misses the Net.
1:31 of 3rd period - Wrist shot by Tye McGinn.
1:31 of 3rd period - Stopped by James Reimer with a rebound.
1:41 of 3rd period - Ryan O'Byrne is hit by Shea Weber and loses puck.
2:08 of 3rd period - Wrist shot by Pavel Buchnevich.
2:08 of 3rd period - Stopped by Robin Lehner without a rebound.
2:09 of 3rd period - Connor McDavid wins face-off versus Henrik Zetterberg in Red Wings zone.
2:15 of 3rd period - Off-side.
2:16 of 3rd period - Henrik Zetterberg wins face-off versus Ryan O'Reilly in neutral zone.
2:29 of 3rd period - Jiri Fischer is hit by Taylor Hall and loses puck.
3:26 of 3rd period - Slapshot by Connor Brown.
3:26 of 3rd period - Shot Misses the Net.
3:28 of 3rd period - Backhand shot by Marko Dano.
3:28 of 3rd period - Goal by Marko Dano - Red Wings : 2 - Oilers : 4.
3:29 of 3rd period - Mike Richards wins face-off versus Ryan O'Reilly in neutral zone.
3:40 of 3rd period - Slapshot by Shea Weber.
3:40 of 3rd period - Shot Blocked by Max Domi.
3:42 of 3rd period - Slapshot by Adam Larsson.
3:42 of 3rd period - Shot Blocked by Kris Versteeg.
3:56 of 3rd period - Dylan Larkin is hit by Pavel Buchnevich and loses puck.
5:33 of 3rd period - Snap shot by Leon Draisaitl.
5:33 of 3rd period - Shot Misses the Net.
5:45 of 3rd period - Snap shot by Taylor Hall.
5:45 of 3rd period - Stopped by Robin Lehner with a rebound.
5:47 of 3rd period - Wrist shot by Jordan Eberle.
5:47 of 3rd period - Deflect By Taylor Hall.
5:47 of 3rd period - Stopped by Robin Lehner without a rebound.
5:48 of 3rd period - Henrik Zetterberg wins face-off versus Ryan O'Reilly in Red Wings zone.
5:53 of 3rd period - Henrik Zetterberg is hit by Darnell Nurse and loses puck.
6:04 of 3rd period - Snap shot by Taylor Hall.
6:04 of 3rd period - Stopped by Robin Lehner without a rebound.
6:05 of 3rd period - Connor McDavid wins face-off versus Mike Richards in Red Wings zone.
6:28 of 3rd period - Icing by Rasmus Ristolainen.
6:29 of 3rd period - Henrik Zetterberg wins face-off versus Connor McDavid in Oilers zone.
6:44 of 3rd period - Wrist shot by Henrik Zetterberg.
6:44 of 3rd period - Stopped by James Reimer with a rebound.
6:46 of 3rd period - Wrist shot by Connor Brown.
6:46 of 3rd period - Stopped by James Reimer with a rebound.
7:00 of 3rd period - Mike Richards is hit by Darnell Nurse and loses puck.
7:37 of 3rd period - Snap shot by Philip Samuelsson.
7:37 of 3rd period - Stopped by James Reimer with a rebound.
7:45 of 3rd period - Philip Samuelsson is hit by Frederik Gauthier and loses puck.
8:06 of 3rd period - Backhand shot by Jordan Eberle.
8:06 of 3rd period - Stopped by Robin Lehner with a rebound.
8:14 of 3rd period - Icing by Henrik Zetterberg.
8:15 of 3rd period - Connor McDavid wins face-off versus Henrik Zetterberg in Red Wings zone.
8:32 of 3rd period - Wrist shot by Connor Brown.
8:32 of 3rd period - Shot Blocked by Darnell Nurse.
8:34 of 3rd period - Snap shot by Marko Dano.
8:34 of 3rd period - Stopped by James Reimer without a rebound.
8:35 of 3rd period - Ryan O'Reilly wins face-off versus Mike Richards in Oilers zone.
8:45 of 3rd period - Minor Penalty to Kris Versteeg for Tripping.
8:46 of 3rd period - T.J. Hensick wins face-off versus Ryan O'Reilly in Red Wings zone.
8:56 of 3rd period - Ryan O'Byrne is hit by Jordan Eberle and loses puck.
9:03 of 3rd period - Snap shot by Taylor Hall.
9:03 of 3rd period - Stopped by Robin Lehner without a rebound.
9:04 of 3rd period - T.J. Hensick wins face-off versus Connor McDavid in Red Wings zone.
9:04 of 3rd period - T.J. Hensick is hit by Connor McDavid.
9:05 of 3rd period - T.J. Hensick from Red Wings is injured at 9:05 of 3rd period (Left Hip).
9:06 of 3rd period - Mike Richards wins face-off versus Ryan O'Reilly in Red Wings zone.
9:15 of 3rd period - Snap shot by Ryan O'Reilly.
9:15 of 3rd period - Shot Misses the Net.
9:17 of 3rd period - Wrist shot by Taylor Hall.
9:17 of 3rd period - Shot Blocked by Ryan O'Byrne.
9:19 of 3rd period - Snap shot by Jordan Eberle.
9:19 of 3rd period - Shot Misses the Net.
9:21 of 3rd period - Snap shot by Rasmus Ristolainen.
9:21 of 3rd period - Deflect By Jordan Eberle.
9:21 of 3rd period - Stopped by Robin Lehner with a rebound.
9:23 of 3rd period - Wrist shot by Taylor Hall.
9:23 of 3rd period - Shot Misses the Net.
9:41 of 3rd period - Icing by Pavel Buchnevich.
9:42 of 3rd period - Pavel Buchnevich wins face-off versus Dylan Larkin in Oilers zone.
10:23 of 3rd period - Slapshot by Dylan Larkin.
10:23 of 3rd period - Deflect By Marko Dano.
10:23 of 3rd period - Shot Misses the Net.
10:23 of 3rd period - Puck is out of play.
10:24 of 3rd period - Dylan Larkin wins face-off versus Ryan O'Reilly in Oilers zone.
10:45 of 3rd period - Penalty to Kris Versteeg is over, Kris Versteeg is back on ice.
10:55 of 3rd period - Wrist shot by Jordan Eberle.
10:55 of 3rd period - Shot Misses the Net.
11:29 of 3rd period - Shea Weber is hit by Mike Richards and loses puck.
11:36 of 3rd period - Mike Richards is hit by Jordan Eberle and loses puck.
12:11 of 3rd period - Slapshot by Taylor Hall.
12:11 of 3rd period - Stopped by Robin Lehner with a rebound.
12:13 of 3rd period - Slapshot by Oscar Klefbom.
12:13 of 3rd period - Shot Misses the Net.
13:03 of 3rd period - Snap shot by Ryan O'Reilly.
13:03 of 3rd period - Stopped by Robin Lehner without a rebound.
13:04 of 3rd period - Dylan Larkin wins face-off versus Connor McDavid in Red Wings zone.
13:26 of 3rd period - Icing by Darnell Nurse.
13:27 of 3rd period - Henrik Zetterberg wins face-off versus Yanni Gourde in Oilers zone.
17:47 of 3rd period - Ryan O'Byrne is hit by Frederik Gauthier and loses puck.
18:20 of 3rd period - Jakub Kindl is hit by Benoit Pouliot.
18:48 of 3rd period - Jakub Kindl is hit by Leon Draisaitl and loses puck.
Goals for this period are 1 for Red Wings vs 0 for Oilers.
Shots for this period are 8 for Red Wings vs 9 for Oilers.